AoeStats
← RedPhosphoru

Arabia

509693713Analyzed
1v1 RM · 5d ago on Sep 27, 2026· 43m 21s· 2 players
Game mode
Random Map
Map size
Tiny (2 player)
Population
200
Speed
Normal
Resources
Standard
Victory
Conquest
Starting age
Dark Age
Ending age
Imperial Age
RankedLock teamsTeams togetherTeam positionsShared explorationLock speedFull tech treeHidden civsTurbo modeCheats
Victory
Defeat
🇧🇬 Gurjaras · Bulgaria
2360
+17
🇺🇸 Franks · United States
2390
-17
ThunderboltX
9:17 Feudal Age
8:00 Loom
9:45 Double-Bit Axe
15:42 Fletching
19:44 Castle Age
19:27 Gold Mining
19:18 Horse Collar
20:18 Padded Archer Armor
20:31 Bodkin Arrow
19:59 Crossbowman
22:17 Bow Saw
25:48 Town Watch
26:44 Heavy Plow
28:45 Wheelbarrow
28:40 Padded Archer Armor
33:04 Imperial Age
34:47 Chemistry
35:42 Elite Skirmisher
37:16 Elite Skirmisher
RedPhosphoru
2:53 Loom
18:31 Feudal Age
20:03 Double-Bit Axe
22:36 Castle Age
22:43 Fletching
25:11 Bow Saw
25:41 Wheelbarrow
26:37 Scale Mail Armor
28:40 Chain Mail Armor
30:25 Squires
39:12 Forging
Connection lost

Rejoining the realm…

Still unreachable

The connection could not be restored.

Session expired

The server has moved on; the page needs a fresh start.